 Dungeon Crawl Stone Soup version 0.28.0-1-gb440e238dd (webtiles) character file.

Game seed: 14618424376297177590

147370 jfcaron the Convoker (level 16, -11/76 HPs)
             Began as a Felid Summoner on Feb 20, 2022.
             Was an Initiate of Gozag.
             Mangled by a tentacle (22 damage)
             ... attached to a kraken
             ... on level 3 of the Shoals on Feb 21, 2022.
             The game lasted 03:38:28 (50381 turns).

jfcaron the Convoker (Felid Summoner)              Turns: 50381, Time: 03:38:28

Health: -11/76     AC:  3    Str:  4    XL:     16   Next: 91%
Magic:  28/32      EV: 28    Int: 28    God:    Gozag
Gold:   5290       SH:  5    Dex: 21    Spells: 3/37 levels left
                                        Lives:  0   Deaths: 4

rFire   + . .      SeeInvis +   (weapon unavailable)
rCold   + . .      Faith    .   (shield unavailable)
rNeg    . . .      Spirit   .   (armour unavailable)
rPois   .          Reflect  +   (helmet unavailable)
rElec   .          Harm     .   (cloak unavailable)
rCorr   +          Rampage  .   (gloves unavailable)
Will    +++..                   (boots unavailable)
Stlth   +++.......              S - amulet of reflection
HPRegen 0.22/turn               x - ring "Huvisem" {Will+ Int+6 Dex+2 Slay+3 Stlth+}
MPRegen 0.23/turn               s - ring "Ozaofynn" {Wiz rF+ rCorr}

@: very slow
A: very small, claws 1, fangs 3, see invisible, speed 1, shaggy fur 3, stealthy
paws, no weapons or thrown items, no armour, multi-lived
a: Renounce Religion, Potion Petition, Call Merchant, Bribe Branch


You were on level 3 of the Shoals.
You worshipped Gozag.
Gozag was greatly pleased with you.
You visited 5 branches of the dungeon, and saw 30 of its levels.
You also visited: Sewer, Ossuary and Gauntlet.

You collected 11064 gold pieces.
You spent 4040 gold pieces at shops.
You paid 1734 gold pieces to Gozag.

Inventory:

Jewellery
 j - a ring of protection from cold
 q - a ring of the Octopus King {Fly AC+1 EV+1 Str+1 Int+1 Dex+1}
   (You found it in a Gauntlet)

   [ring of flight]

   AC:        It affects your AC (+1).
   EV:        It affects your evasion (+1).
   Str:       It affects your strength (+1).
   Int:       It affects your intelligence (+1).
   Dex:       It affects your dexterity (+1).
   Fly:       It grants you flight.
 r - a +4 ring of protection
 s - the ring "Ozaofynn" (right paw) {Wiz rF+ rCorr}
   (You found it in a Gauntlet)

   [ring of wizardry]

   It improves your spell success rate.
   rF:        It protects you from fire.
   rCorr:     It protects you from acid and corrosion.
 t - a ring of protection from fire
 x - the ring "Huvisem" (left paw) {Will+ Int+6 Dex+2 Slay+3 Stlth+}
   (You bought it in a shop on level 2 of the Lair of Beasts)

   [ring of intelligence]

   Int:       It affects your intelligence (+6).
   Dex:       It affects your dexterity (+2).
   Slay:      It affects your accuracy & damage with ranged weapons and melee
   (+3).
   Will:      It increases your willpower.
   Stlth:     It makes you more stealthy.
 y - a ring of positive energy
 z - an amulet of regeneration
 E - an amulet of magic regeneration
 J - a +6 ring of intelligence
 Q - a ring of poison resistance
 S - an amulet of reflection (around neck)
Wands
 A - a wand of iceblast (28)
 C - a wand of flame (18)
 I - a wand of mindburst (8)
 K - a wand of polymorph (9)
 T - a wand of paralysis (14)
 U - a wand of acid (5)
Scrolls
 b - 18 scrolls of teleportation
 e - 3 scrolls of fog
 f - 4 scrolls of magic mapping
 n - a scroll of silence {unknown}
 B - 2 scrolls of holy word
 F - 6 scrolls of identify
 G - a scroll of immolation
 L - 2 scrolls of summoning
 M - 2 scrolls of fear
 N - 2 scrolls of vulnerability
 P - a scroll of amnesia
 R - a scroll of blinking
Potions
 c - 2 potions of might
 d - 6 potions of brilliance
 g - 5 potions of berserk rage
 i - 5 potions of haste
 k - 6 potions of flight
 l - 7 potions of lignification
 m - 3 potions of magic
 o - 9 potions of ambrosia
 p - 8 potions of curing
 u - 2 potions of heal wounds
 v - 2 potions of attraction
 w - 9 potions of cancellation
 D - 7 potions of mutation
 O - a potion of resistance
Miscellaneous
 a - a phial of floods
 h - a phantom mirror
 H - a tin of tremorstones (inert)


   Skills:
 - Level 12.0 Fighting
 - Level 12.0 Dodging
 - Level 8.0 Stealth
 - Level 11.0 Spellcasting
 - Level 8.0 Hexes
 + Level 20.5 Summonings
 - Level 10.0 Necromancy
 - Level 10.0 Translocations
 - Level 4.0 Transmutations
 - Level 10.0 Air Magic
 + Level 8.9 Evocations


You had 3 spell levels left.
You knew the following spells:

 Your Spells              Type           Power      Damage    Failure   Level
a - Summon Hydra          Summ           46%        N/A       1%          7
b - Haunt                 Necr/Summ      39%        N/A       2%          7
c - Call Canine Familiar  Summ           92%        N/A       0%          3
d - Summon Guardian Gole  Hex/Summ       76%        N/A       1%          3
e - Summon Lightning Spi  Summ/Air       79%        N/A       1%          4
f - Summon Forest         Summ/Tloc      39%        N/A       1%          5
g - Yara's Violent Unrav  Hex/Tmut       24%        3d11      3%          5

Your spell library contained the following spells:

 Spells                   Type           Power      Damage    Failure   Level
 Summon Small Mammal      Summ           100%       N/A       0%          1
 Call Imp                 Summ           92%        N/A       0%          2
 Animate Skeleton         Necr           100%       N/A       1%          1
 Apportation              Tloc           100%       N/A       1%          1
 Freeze                   Ice            60%        1d8       1%          1
 Pain                     Necr           100%       1d9       1%          1
 Sandblast                Erth           30%        2d9       1%          1
 Passwall                 Tmut/Erth      21%        N/A       1%          2
 Confusing Touch          Hex            57%        N/A       1%          3
 Dazzling Flash           Conj/Hex       74%        N/A       1%          3
 Gell's Gravitas          Tloc           63%        N/A       1%          3
 Lesser Beckoning         Tloc           63%        N/A       1%          3
 Mephitic Cloud           Conj/Pois/Air  34%        N/A       1%          3
 Teleport Other           Tloc           63%        N/A       1%          3
 Vampiric Draining        Necr           63%        2d10      1%          3
 Ignite Poison            Fire/Tmut/Pois 22%        N/A       2%          3
 Frozen Ramparts          Ice            30%        1d5       4%          3
 Stone Arrow              Conj/Erth      30%        3d8       4%          3
 Airstrike                Air            31%        N/A       1%          4
 Animate Dead             Necr           31%        N/A       1%          4
 Iskenderun's Mystic Bla  Conj/Tloc      43%        2d10      1%          4
 Agony                    Necr           63%        N/A       1%          5
 Leda's Liquefaction      Hex/Erth       18%        N/A       2%          4
 Borgnjor's Vile Clutch   Necr/Erth      21%        N/A       5%          5
 Lightning Bolt           Conj/Air       21%        1d36      5%          5
 Ice Form                 Ice/Tmut       26%        N/A       6%          4
 Freezing Cloud           Conj/Ice/Air   17%        6-21      11%         5
 Flame Wave               Conj/Fire      15%        2d6       14%         4
 Hailstorm                Conj/Ice       15%        3d5       14%         4
 Alistair's Intoxication  Tmut/Pois      17%        N/A       17%         5
 Spellforged Servitor     Conj/Summ      32%        N/A       17%         7
 Conjure Ball Lightning   Conj/Air       21%        3x3d6     26%         6
 Simulacrum               Ice/Necr       21%        N/A       26%         6
 Fireball                 Conj/Fire      7%         3d5       36%         5
 Lee's Rapid Deconstruct  Erth           7%         3d8*      36%         5
 Enfeeble                 Hex            28%        N/A       41%         7
 Eringya's Noxious Bog    Tmut/Pois      13%        N/A       65%         6
 Statue Form              Tmut/Erth      17%        N/A       65%         6
 Disjunction              Tloc           31%        N/A       80%         8
 Infestation              Necr           31%        N/A       80%         8
 Starburst                Conj/Fire      7%         6d4       89%         6
 Discord                  Hex            28%        N/A       96%         8
 Orb of Destruction       Conj           7%         9d6       100%        7
 Ozocubu's Refrigeration  Ice            7%         4d6       100%        7
 Ignition                 Fire           7%         3d5       100%        8
 Polar Vortex             Ice            7%         N/A       100%        9
 Animate Armour           Summ/Erth      Unusable   N/A       N/A         4
 Excruciating Wounds      Necr           Unusable   N/A       N/A         5

Dungeon Overview and Level Annotations

Branches:
Dungeon (15/15)            Temple (0/1) D:7            Lair (6/6) D:10
 Shoals (4/4) Lair:4       Spider (3/4) Lair:4        Slime (0/5) Lair:5
    Orc (2/2) D:11            Elf (0/3) Orc:2        Vaults (0/5) D:13
 Depths (0/4) D:15          Sewer (visited)         Ossuary (visited)
Gauntlet (visited)

Altars:
Ashenzari
Dithmenos
Elyvilon
Gozag
Okawaru
Qazlal
Sif Muna
Vehumet
Wu Jian
Xom
Yredelemnul
Beogh

Shops:
D:4 =   D:12 *?   D:13 (   Orc:1 (   Orc:2 :?=*!   Lair:2 =   Shoals:2 *

Portals:
Trove: D:14 (give 2 scrolls of acquirement)

Annotations:
D:12 3 runed translucent doors, spaghetti's ghost, journeyman DgFi


Innate Abilities, Weirdness & Mutations

You have sharp claws.
You have razor-sharp teeth.
You have supernaturally acute eyesight. (SInv)
You cover ground quickly. (Speed+)
Your thick and shaggy fur keeps you warm. (AC +3, rC+)
Your paws help you pounce on unaware monsters.
You are incapable of wielding weapons or throwing items.
You cannot wear armour.
You gain extra lives every three experience levels.


Message History

Your dryad calls out to the forest.
The forest starts to sway and rumble!
The merfolk javelineer is engulfed in blazing flames.
The merfolk javelineer throws a javelin.
The javelin pierces through you!!
* * * LOW HITPOINT WARNING * * *
Trunks creak and shift.
A tree reaches out and hits the merfolk javelineer!
The water nymph flows with the water.
Branches wave dangerously above you.
A root smacks the merfolk javelineer from below!!
The merfolk javelineer is engulfed in blazing flames.
The merfolk javelineer throws a javelin.
The javelin pierces through your dryad!!
There is an escape hatch in the ceiling here.
A tree reaches out and hits the merfolk javelineer!
The water nymph is hit by a branch!
The merfolk javelineer is engulfed in blazing flames.
The merfolk javelineer dies!
You hear a splash. x3
A mysterious force pulls you upwards. The hatch slams shut behind you.
You start resting.
Space becomes stable.
You start resting.
Splash!
You fall into the shallow water.
Moving in this stuff is going to be slow.
You start resting.
Magic restored.
You start resting.
Tentacles burst out of the water! 4 tentacles come into view.
There are monsters nearby!
The tentacle slaps you.
* * * LOW HITPOINT WARNING * * *
A tentacle segment bursts forth from the water. x4
You block the tentacle's attack. The tentacle slaps you!!
You die...
Your body crumbles into a pile of gold.

≈≈≈≈≈≈≈≈≈≈≈.≈≈≈≈≈≈.≈.....?.
≈≈≈≈≈≈≈≈≈≈..≈≈≈≈≈≈≈≈..#(.).
≈≈≈≈≈≈≈≈≈≈≈.≈≈≈≈)≈≈≈)(#..≈.
≈≈≈≈≈≈≈≈≈≈≈≈≈≈≈≈≈≈≈≈≈(..≈≈.
≈≈≈≈≈X≈≈≈≈≈≈≈≈≈≈≈≈≈≈≈...≈≈≈
≈≈≈≈≈≈≈≈≈≈≈≈≈≈≈≈≈≈≈≈≈≈≈.≈≈.
≈≈≈≈≈≈≈≈≈≈≈≈≈≈≈≈≈≈≈≈≈≈≈≈≈..
≈≈≈≈≈≈≈≈≈w≈≈≈≈≈≈≈≈≈≈≈≈≈≈≈≈.
≈≈≈≈≈≈≈≈≈≈@≈≈≈≈≈≈≈≈≈≈≈≈≈≈≈≈
≈≈≈≈≈≈≈≈.....≈≈≈≈≈≈≈≈≈≈≈≈≈≈
≈≈≈≈≈≈≈≈.....≈≈≈≈≈≈≈≈≈≈≈≈≈≈
≈≈≈≈≈≈≈≈≈≈≈≈≈≈≈≈≈≈≈≈≈≈≈≈≈≈≈
≈≈≈≈≈≈≈≈≈≈≈≈≈≈≈≈≈≈≈≈≈≈≈≈≈≈≈
≈≈≈≈≈≈≈≈≈≈≈≈≈≈≈≈≈≈≈≈≈≈≈≈≈≈≈
≈≈≈≈≈≈≈≈≈≈≈≈≈≈≈≈≈≈≈≈≈≈≈≈≈≈≈
≈≈≈≈≈≈≈≈≈≈≈≈≈≈≈≈.≈≈≈≈≈≈≈≈
≈≈≈≈≈≈≈≈...≈≈≈≈....≈≈≈≈≈≈


You could see a kraken and a tentacle.

Vanquished Creatures
  Saint Roka (Orc:2)
  Arachne (Spider:2)
  Jorgrun (D:12)
  Gastronok (D:12)
  Frances (Shoals:2)
  A frost giant (Shoals:4)
  2 orc warlords (Orc:2)
  2 emperor scorpions
  2 ghost moths
  Louise (Spider:3)
  A broodmother (Spider:2)
  A stone giant (D:15)
  6 entropy weavers
  2 dire elephants (Spider:2)
  2 spark wasps (Spider:2)
  4 merfolk javelineers (Shoals:4)
  Snorg (D:10)
  9 merfolk impalers
  A great orb of eyes (Gauntlet)
  3 centaur warriors
  3 vault guards
  2 catoblepae
  6 boulder beetles
  7 hydras
  2 ogre magi (D:15)
  A radroach (Spider:2)
  An alligator snapping turtle (Shoals:3)
  8 merfolk avatars
  A satyr (Shoals:4)
  6 merfolk aquamancers
  9 two-headed ogres
  3 orc high priests (Orc:2)
  A deep elf knight (Spider:2)
  4 death yaks (Lair:6)
  A deep troll shaman (Lair:6)
  Urug (Lair:6)
  4 skeletal warriors (D:15)
  11 sea snakes
  7 pharaoh ants
  A steelbarb worm (Spider:3)
  4 orb spiders
  A deep elf archer (Spider:2)
  2 wizards (D:13)
  A lindwurm (Lair:4)
  An oklob plant (Lair:5)
  Pikel (D:8)
  15 harpies
  7 orc knights (Orc:2)
  A necromancer (D:13)
  5 orc sorcerers (Orc:2)
  9 ugly things
  15 wolf spiders
  19 fauns
  A moth of wrath (Spider:2)
  A cyclops (D:15)
  Maurice (Orc:2)
  23 manticores
  8 merfolk sirens
  19 elephants
  3 black mambas
  6 water nymphs
  A torpor snail (Spider:2)
  A gargoyle (D:12)
  4 rime drakes
  17 cane toads
  Maggie (Lair:2)
  16 komodo dragons
  An efreet (D:14)
  A queen bee (D:9)
  4 polar bears
  5 wind drakes
  3 meliai (D:14)
  8 trolls
  32 merfolk
  14 blink frogs
  Grinder (D:4)
  6 slime creatures (D:14)
  13 tarantellas
  A tarantella (shapeshifter) (D:13)
  A raiju (Spider:2)
  7 dream sheep (Lair:6)
  3 snapping turtles
  A shadow (D:10)
  14 culicivoras
  A culicivora (shapeshifter) (D:15)
  20 jumping spiders
  8 water elementals
  3 wraiths
  38 yaks
  Grum (D:8)
  2 wyverns
  20 humans (D:13)
  A yak (shapeshifter) (D:13)
  2 fire bats (Gauntlet)
  15 vampire mosquitoes
  5 basilisks
  28 redbacks
  3 steam dragons
  7 wargs
  2 acid dragons
  A water moccasin (shapeshifter) (D:13)
  14 water moccasins
  Pargi (Sewer)
  4 black bears
  38 orc warriors
  A swamp drake (shapeshifter) (D:12)
  A meliai simulacrum (D:14)
  15 ogres
  A necrophage (D:4)
  21 wolves
  2 centaurs
  3 lemures (D:8)
  A phantom (D:4)
  2 kobold brigands
  An elf zombie (Ossuary)
  8 bullfrogs
  A gnoll sergeant (D:7)
  2 wyvern zombies
  4 scorpions
  9 wights
  42 killer bees
  5 howler monkeys
  3 electric eels
  2 bullfrog zombies
  4 centaur zombies
  3 jellies
  2 human zombies (Ossuary)
  3 centaur skeletons
  10 hounds
  22 orc priests
  8 iguanas
  23 orc wizards
  A killer bee zombie (D:9)
  3 nameless horrors
  A hound zombie (Ossuary)
  4 mummies (Ossuary)
  7 gnolls
  19 adders
  A white imp (D:8)
  An ufetubus (D:6)
  3 worms
  3 dart slugs
  85 orcs
  6 ball pythons
  11 endoplasms
  An endoplasm (shapeshifter) (D:12)
  4 giant cockroaches
  7 goblins
  3 hobgoblins
  3 jackals (D:2)
  19 kobolds
  2 quokkas
  9 bats
  8 frilled lizards
  A gnoll zombie (Ossuary)
  2 goblin zombies (Ossuary)
  A jackal zombie (Ossuary)
  2 kobold zombies (Ossuary)
  An orc zombie (Ossuary)
  4 rats
  A rat zombie (Ossuary)
  7 bushes
  A butterfly (Lair:1)
  57 fungi
  193 plants
  26 snaplasher vines
  18 tentacles
1348 creatures vanquished.

Notes
Turn   | Place    | Note
-------+----------+-------------------------------------------
     0 | D:1      | jfcaron the Felid Summoner began the quest for the Orb.
     0 | D:1      | Reached XP level 1. HP: 7/7 MP: 4/4
   346 | D:1      | Reached XP level 2. HP: 11/11 MP: 3/6
   349 | D:1      | Learned a level 2 spell: Call Imp
  1336 | D:2      | Reached XP level 3. HP: 14/14 MP: 5/8
  1340 | D:2      | Learned a level 3 spell: Call Canine Familiar
  1974 | D:2      | Reached skill level 5 in Summonings
  1974 | D:2      | Reached XP level 4. HP: 18/18 MP: 0/10
  1978 | D:2      | Learned a level 3 spell: Summon Guardian Golem
  2571 | D:3      | Reached skill level 1 in Hexes
  2681 | D:3      | Reached XP level 5. HP: 16/21 MP: 3/11
  2886 | D:3      | Found an opulent altar of Gozag.
  3621 | D:3      | Gained mutation: You are covered in thick fur. (AC +2)
                  | [Felid growth]
  3621 | D:3      | Reached XP level 6. HP: 24/24 MP: 7/13
  3842 | D:4      | Found a glowing drain.
  3854 | Sewer    | Entered a sewer
  3901 | Sewer    | Noticed Pargi
  3916 | Sewer    | Killed Pargi
  4277 | D:4      | Found Nahuc's Jewellery Boutique.
  4295 | D:4      | Reached skill level 6 in Summonings
  4304 | D:4      | Reached XP level 7. HP: 23/27 MP: 2/14
  4486 | D:4      | Learned a level 4 spell: Summon Lightning Spire
  4533 | D:4      | Identified the +12 hand axe of Mumyepta {protect, Dex+3}
  4574 | D:4      | Reached skill level 5 in Hexes
  4574 | D:4      | Reached skill level 1 in Air Magic
  4677 | D:4      | Noticed Grinder
  4741 | D:4      | Killed Grinder
  4742 | D:4      | Reached skill level 5 in Spellcasting
  4882 | D:4      | You fall into a shaft and drop 1 floor!
  4882 | D:5      | Entered Level 5 of the Dungeon
  4927 | D:5      | Reached XP level 8. HP: 30/31 MP: 8/17
  5085 | D:4      | Reached skill level 7 in Summonings
  5324 | D:4      | Found a radiant altar of Vehumet.
  5875 | D:3      | Became a worshipper of Gozag Ym Sagoz the Greedy
  6617 | D:5      | Reached skill level 8 in Summonings
  6888 | D:6      | Found a sand-covered staircase.
  6896 | Ossuary  | Entered an ossuary
  6948 | Ossuary  | Reached XP level 9. HP: 34/34 MP: 1/19
  7377 | D:4      | Bought a ring of protection from fire for 350 gold pieces
  7796 | D:6      | Reached skill level 5 in Air Magic
  8371 | D:6      | Found a shimmering altar of Xom.
  8674 | D:6      | Found a stormy altar of Qazlal.
  8676 | D:6      | Found an iron altar of Okawaru.
  8961 | D:7      | Found a staircase to the Ecumenical Temple.
  9032 | D:7      | Reached skill level 1 in Fighting
  9127 | D:7      | Reached skill level 9 in Summonings
 10457 | D:8      | Noticed Grum
 10472 | D:8      | Reached XP level 10. HP: 40/40 MP: 12/22
 10545 | D:8      | Reached skill level 5 in Dodging
 10555 | D:8      | Killed Grum
 10850 | D:8      | Found a broken altar of Ashenzari.
 10938 | D:8      | Noticed Pikel
 10960 | D:8      | Killed Pikel
 11994 | D:9      | Found a shadowy altar of Dithmenos.
 12146 | D:9      | Reached skill level 10 in Summonings
 12347 | D:9      | Reached skill level 5 in Fighting
 12447 | D:9      | Reached XP level 11. HP: 48/48 MP: 1/24
 13184 | D:10     | Entered Level 10 of the Dungeon
 13289 | D:10     | Found a staircase to the Lair.
 13393 | D:10     | Noticed Snorg
 13433 | D:10     | Killed Snorg
 14170 | D:10     | Found a white marble altar of Elyvilon.
 14363 | D:10     | Found an ornate altar of the Wu Jian Council.
 14366 | D:10     | Found a shimmering blue altar of Sif Muna.
 14469 | D:10     | Found a basalt altar of Yredelemnul.
 14567 | D:10     | Got Tyti's Catalogue of Blistering Companions
 14574 | D:10     | Learned a level 5 spell: Summon Forest
 14890 | D:4      | Bought an amulet of magic regeneration for 420 gold pieces
 15042 | Lair:1   | Entered Level 1 of the Lair of Beasts
 15088 | Lair:1   | Reached skill level 1 in Translocations
 15372 | Lair:1   | Noticed a six-headed hydra
 15378 | Lair:1   | Killed a six-headed hydra
 16082 | Lair:1   | Reached skill level 10 in Dodging
 16105 | Lair:1   | Noticed a four-headed hydra
 16118 | Lair:1   | Killed a four-headed hydra
 16346 | Lair:1   | Reached skill level 5 in Translocations
 16356 | Lair:1   | Gained mutation: Your thick and shaggy fur keeps you warm.
                  | (AC +3, rC+) [Felid growth]
 16356 | Lair:1   | Reached XP level 12. HP: 54/54 MP: 25/25
 16915 | Lair:2   | Noticed an eight-headed hydra
 16928 | Lair:2   | Killed an eight-headed hydra
 16966 | Lair:2   | Found a gate leading to a gauntlet.
 16975 | Gauntlet | Entered a Gauntlet
 16975 | Gauntlet | Found a transporter.
 16978 | Gauntlet | Found a transporter.
 16978 | Gauntlet | Found a runed translucent door.
 16980 | Gauntlet | Found a transporter.
 16983 | Gauntlet | Found a transporter.
 16984 | Gauntlet | Found a transporter.
 16995 | Gauntlet | Found a transporter.
 17000 | Gauntlet | Found a transporter.
 17021 | Gauntlet | Found a transporter.
 17021 | Gauntlet | Found the ring of the Octopus King
 17021 | Gauntlet | Noticed a great orb of eyes
 17059 | Gauntlet | Found a transporter.
 17061 | Gauntlet | Noticed a quicksilver ooze
 17062 | Gauntlet | Found a transporter.
 17065 | Gauntlet | Found a transporter.
 17072 | Gauntlet | Noticed a quicksilver ooze
 17079 | Gauntlet | Found a transporter.
 17199 | Gauntlet | Killed a great orb of eyes
 17268 | Gauntlet | Identified a ring of the Octopus King {Fly AC+1 EV+1 Str+1
                  | Int+1 Dex+1}
 17527 | Gauntlet | HP: 7/55 [something] (5)]
 17547 | Gauntlet | HP: 9/55 [hell hound/blast of flame (3)]
 17548 | Gauntlet | Identified the ring "Ozaofynn" {Wiz rF+ rCorr}
 17549 | Gauntlet | HP: 2/55 [hell hound (7)]
 17553 | Gauntlet | Slain by a fire crab
 17554 | Gauntlet | Reached XP level 11. HP: 0/51 MP: 17/24
 17564 | Gauntlet | Mangled by a quicksilver ooze
 17565 | Gauntlet | Reached XP level 10. HP: -9/48 MP: 23/23
 17712 | Lair:2   | Noticed a black mamba
 17719 | Lair:2   | Killed a black mamba
 17815 | Lair:2   | Learned a level 5 spell: Yara's Violent Unravelling
 18250 | Lair:2   | Noticed Maggie
 18276 | Lair:2   | Killed Maggie
 18791 | Lair:3   | Noticed a cane toad
 18801 | Lair:3   | Killed a cane toad
 18837 | Lair:2   | Bought the ring "Huvisem" {Will+ Int+6 Dex+2 Slay+3 Stlth+}
                  | for 1360 gold pieces
 19279 | Lair:3   | Got Toufrow's Papyrus of Summoning
 19474 | Lair:4   | Noticed an eight-headed hydra
 19476 | Lair:4   | Noticed a cane toad
 19481 | Lair:4   | Reached XP level 11. HP: 52/52 MP: 8/24
 19483 | Lair:4   | Killed an eight-headed hydra
 19635 | Lair:4   | Found a hole to the Spider Nest.
 19802 | Lair:4   | Noticed a lindwurm
 19811 | Lair:4   | Killed a lindwurm
 19812 | Lair:4   | Reached skill level 10 in Air Magic
 19892 | Lair:4   | HP: 10/53 [poisoned by a cane toad]
 20750 | Lair:4   | Found a staircase to the Shoals.
 21094 | Lair:5   | Reached XP level 12. HP: 57/57 MP: 14/25
 21095 | Lair:5   | Reached skill level 1 in Evocations
 21183 | Lair:5   | Found a staircase to the Slime Pits.
 21893 | Lair:6   | Entered Level 6 of the Lair of Beasts
 21921 | Lair:6   | Reached skill level 10 in Translocations
 21952 | Lair:6   | Learned a level 7 spell: Summon Hydra
 22091 | Lair:6   | Noticed Urug
 22104 | Lair:6   | Killed Urug
 22105 | Lair:6   | Reached skill level 11 in Summonings
 22268 | Lair:6   | Reached skill level 10 in Fighting
 22346 | Lair:6   | Reached XP level 13. HP: 61/61 MP: 23/27
 22663 | Lair:6   | Reached skill level 5 in Evocations
 23453 | Lair:6   | Reached skill level 10 in Spellcasting
 23991 | Lair:6   | Reached skill level 12 in Summonings
 24686 | D:11     | Found a staircase to the Orcish Mines.
 25385 | Orc:1    | Entered Level 1 of the Orcish Mines
 25398 | Orc:1    | Found Leets's Weapon Boutique.
 25451 | Orc:2    | Entered Level 2 of the Orcish Mines
 25451 | Orc:2    | Found a staircase to the Elven Halls.
 25559 | Orc:2    | Noticed Maurice
 25566 | Orc:2    | Killed Maurice
 26440 | Orc:2    | Reached skill level 13 in Summonings
 26442 | Orc:2    | Reached XP level 14. HP: 43/69 MP: 22/29
 26633 | Orc:2    | Noticed an orc warlord
 26650 | Orc:2    | Killed an orc warlord
 26651 | Orc:2    | Noticed an orc warlord
 26945 | Orc:2    | Killed an orc warlord
 26946 | Orc:2    | Reached skill level 14 in Summonings
 27367 | Orc:2    | Noticed Saint Roka
 27379 | Orc:2    | HP: 12/69 [Saint Roka/divine providence (11)]
 27725 | Orc:2    | Killed Saint Roka
 28236 | Orc:2    | Got the Almanac of the Frostbite
 28406 | Orc:2    | Reached skill level 15 in Summonings
 28429 | Orc:2    | Found Gocaracw's Book Boutique.
 28429 | Orc:2    | Found Oqoduod's Distillery.
 28431 | Orc:2    | Found Weliz's Jewellery Boutique.
 28431 | Orc:2    | Found Mobb's Assorted Antiques.
 28530 | Orc:2    | Bought a scroll of amnesia for 129 gold pieces
 28593 | D:12     | Noticed Gastronok
 28615 | D:12     | HP: 1/69 [Gastronok/the air (36)]
 28628 | D:12     | Killed Gastronok
 28629 | D:12     | Reached skill level 1 in Transmutations
 28832 | D:12     | Found a runed translucent gate.
 28832 | D:12     | Found a runed translucent gate.
 28832 | D:12     | Found a runed translucent gate.
 29041 | D:12     | Noticed Jorgrun
 29055 | D:12     | Killed Jorgrun
 29112 | D:12     | Found Kipt's Magic Scroll Shoppe.
 29121 | D:12     | Bought a scroll of fear for 42 gold pieces
 29121 | D:12     | Bought a scroll of fog for 24 gold pieces
 29121 | D:12     | Bought a scroll of vulnerability for 90 gold pieces
 29121 | D:12     | Bought a scroll of teleportation for 36 gold pieces
 29121 | D:12     | Bought a scroll of teleportation for 36 gold pieces
 29193 | Orc:2    | Bought a potion of curing for 30 gold pieces
 29193 | Orc:2    | Bought a potion of heal wounds for 50 gold pieces
 29193 | Orc:2    | Bought a potion of resistance for 100 gold pieces
 29197 | Orc:2    | Bought a scroll of amnesia for 56 gold pieces
 29197 | Orc:2    | Bought a scroll of teleportation for 48 gold pieces
 29201 | Orc:2    | Bought a scroll of teleportation for 111 gold pieces
 29201 | Orc:2    | Bought a scroll of holy word for 277 gold pieces
 29201 | Orc:2    | Bought a scroll of teleportation for 111 gold pieces
 29201 | Orc:2    | Bought a wand of polymorph (4) for 74 gold pieces
 29202 | Orc:2    | Bought a ring of poison resistance for 240 gold pieces
 29659 | D:12     | Found Uhelum's Assorted Antiques.
 29672 | D:12     | Bought a scroll of blinking for 240 gold pieces
 29672 | D:12     | Bought a pitted emerald amulet for 160 gold pieces
 29672 | D:12     | Identified the amulet of Afetatra {Spirit Harm rPois rC+
                  | MP-9} (You bought it in a shop on level 12 of the Dungeon)
 29789 | D:12     | Found a runed translucent gate.
 29789 | D:12     | Found a runed translucent gate.
 29790 | D:12     | Noticed spaghetti's ghost (journeyman DgFi)
 29790 | D:12     | Noticed a cacodemon
 29792 | D:12     | Found a runed translucent gate.
 29813 | D:12     | Reached skill level 16 in Summonings
 29813 | D:12     | Reached XP level 15. HP: 72/72 MP: 30/30
 29822 | D:12     | Learned a level 7 spell: Haunt
 30158 | D:13     | Reached skill level 1 in Necromancy
 30227 | D:13     | Found a gate to the Vaults.
 30763 | D:13     | Found Sibur's Antique Weapon Boutique.
 31237 | D:14     | Reached XP level 16. HP: 76/76 MP: 20/31
 31415 | D:14     | Found a portal to a secret trove of treasure.
 32554 | D:15     | Entered Level 15 of the Dungeon
 32737 | D:15     | Found a staircase to the Depths.
 33692 | D:15     | Reached skill level 5 in Necromancy
 33929 | Spider:1 | Entered Level 1 of the Spider Nest
 33944 | Spider:1 | Slain by a boulder beetle
 33945 | Spider:1 | Reached XP level 15. HP: 0/72 MP: 12/31
 33972 | Spider:1 | Reached skill level 17 in Summonings
 34113 | Spider:1 | Noticed an emperor scorpion
 34126 | Spider:1 | Killed an emperor scorpion
 35963 | Spider:2 | Noticed Arachne
 35990 | Spider:2 | HP: 11/72 [tarantella[a torpor snail] (12)]
 35991 | Spider:2 | Killed Arachne
 36644 | Spider:3 | Reached skill level 18 in Summonings
 36644 | Spider:3 | Reached XP level 16. HP: 76/76 MP: 18/32
 37213 | Spider:2 | HP: 4/73 [pharaoh ant (41)]
 37213 | Spider:2 | Mangled by a pharaoh ant
 37214 | Spider:2 | Reached XP level 15. HP: -9/64 MP: 10/31
 37405 | Spider:3 | Noticed Louise
 37808 | Spider:3 | Killed Louise
 38114 | Spider:3 | HP: 14/72 [poisoned by a redback]
 38119 | Spider:2 | HP: 10/72 [poisoned by a redback]
 38590 | Spider:3 | HP: 12/72 [ghost moth (17)]
 40156 | Shoals:1 | Entered Level 1 of the Shoals
 40722 | Shoals:1 | Reached skill level 10 in Necromancy
 41223 | Shoals:1 | Reached skill level 19 in Summonings
 42219 | Shoals:2 | Noticed Frances
 42219 | Shoals:2 | Found Jugalef's CLEARANCE SALE!.
 42935 | Shoals:2 | Killed Frances
 43201 | Shoals:2 | Reached XP level 16. HP: 76/76 MP: 17/32
 43284 | Shoals:2 | Bought a wand of paralysis (6) for 56 gold pieces
 43617 | Shoals:2 | HP: 15/76 [merfolk/boomerang (6)]
 43905 | Shoals:2 | Reached skill level 20 in Summonings
 44450 | Shoals:2 | HP: 10/76 [shot self (24)]
 44459 | Shoals:2 | HP: 3/76 [manticore/volley of spikes (9)]
 45391 | Shoals:3 | Reached skill level 5 in Stealth
 46345 | Shoals:3 | Noticed a kraken
 46413 | Shoals:3 | Noticed a kraken
 47605 | Shoals:4 | Entered Level 4 of the Shoals
 48230 | Shoals:4 | HP: 11/76 [merfolk javelineer/silver javelin (22)]
 48230 | Shoals:4 | HP: 5/76 [merfolk javelineer/silver javelin (6)]
 48701 | Shoals:4 | Identified the +1 long sword of Hospitality {protect,
                  | rElec}
 49457 | Shoals:4 | HP: 1/76 [wind drake/the air (18)]
 49470 | Shoals:4 | HP: 1/76 [wind drake/the air (21)]
 49476 | Shoals:4 | HP: 1/76 [wind drake/the air (18)]
 50335 | Shoals:4 | HP: 2/76 [merfolk javelineer/javelin (25)]
 50380 | Shoals:3 | HP: 10/76 [tentacle[a kraken] (2)]
 50381 | Shoals:3 | Mangled by a tentacle

Illustrated notes

Levels and vault maps discovered:
D:1:      minmay_arrival_stone_box, layout_basic,
          hangedman_decor_clover_reticule, st_stairs_10,
          chequers_serial_rivers_micro_e
D:2:      layout_basic
D:3:      minmay_skewed_foursquare, layout_loops_ring, general_overflow_altar
D:4:      nicolae_BIG_FREAKIN_CUBE, layout_basic, fiery_altar_vehumet,
          serial_shops, shop_fountains, gup_sewer_entry_bubbles, uniq_grinder
D:5:      layout_cave_pools
D:6:      minmay_angry_zag, layout_loops_cross, overflow_temple_1_default,
          nicolae_overflow_squiral, nicolae_ossuary_entry_monument,
          kennysheep_cross_bottleneck
D:7:      layout_rooms, temple_pool_b
D:8:      layout_basic, evilmike_ruin_ashenzari, serial_glass, glass_columns_c,
          glass_columns_c, uniq_grum, uniq_pikel
D:9:      layout_small_grid, nicolae_dithmenos_the_darkroom, special_room
          [special_room_bee]
D:10:     layout_gridville, kennysheep_ying_yang, minitemple, erik_lair_island,
          roderic_serpentine_path, uniq_snorg
D:11:     layout_gridville, david_orc_2, minivault_1, grunt_ministairs_6
D:12:     layout_rooms, ploomutoo_gammafunk_ghost_potion_laboratory,
          serial_shops, nicolae_stop_n_shop_2, shop, uniq_jorgrun,
          uniq_gastronok
D:13:     layout_long_grid, grunt_vaults_entry_tiered, serial_shops,
          shop_statue, grunt_ministairs_7
D:14:     layout_cave_pods, serial_bayou_shore_a, enter_trove_5
D:15:     grunt_enter_depths_giant_problem, layout_grid_maze,
          nicolae_water_bricks
Lair:1:   layout_layer_cave, chequers_serial_rivers_micro_c, minmay_hedge_maze,
          lemuel_fruit_fields
Lair:2:   layout_cave_pods, gauntlet_entry_generic, serial_bayou_shore_b,
          uniq_maggie
Lair:3:   layout_regular_city, grunt_megastairs_5
Lair:4:   layout_loops_ring, minmay_shoals_entry_beasts,
          spider_nest_entry_web_field, st_stairs_6, beast_lair_carwin_8
Lair:5:   layout_regular_city, nicolae_slime_entry_slimehenge
Lair:6:   grunt_lair_end_beastmaster, layout_concentric_octagons,
          lemuel_fruit_tree, uniq_urug
Shoals:1: argonaut_golden_fleece, layout_shoals, nzn_prometheus_bound
Shoals:2: layout_shoals, nicolae_shop_clearance, uniq_frances
Shoals:3: layout_shoals
Shoals:4: shoals_end_grunt_ice, layout_shoals, serial_shops,
          nicolae_diamond_shop, ebering_ghost_xom, nicolae_shoals_hunting_party
Spider:1: layout_spider_delve
Spider:2: layout_spider_delve, hangedman_spider_mandibles,
          beargit_elvish_explorers, uniq_arachne
Spider:3: layout_spider_delve, uniq_louise
Orc:1:    layout_diamond_mine, serial_shops, nicolae_shop_stone
Orc:2:    grunt_orc_tribal_feast, layout_caves, basic_altar,
          minmay_orc_treasury, uniq_saint_roka, uniq_maurice

Skill      XL: |  1  2  3  4  5  6  7  8  9 10 11 12 13 14 15 16 |
---------------+-------------------------------------------------+-----
Spellcasting   | 3 4 5 6 7 8 9 10 11 | 11.0
Summonings     | 5 6 8 9 10 11 13 16 19 20 | 20.5
Hexes          | 1 3 4 5 6 7 8 |  8.0
Air Magic      | 2 4 6 7 10 9 | 10.0
Dodging        | 4 11 12 | 12.0
Fighting       | 2 5 9 10 12 | 12.0
Translocations | 7 9 10 | 10.0
Evocations     | 4 5 8 |  8.9
Transmutations | 2 3 4 |  4.0
Necromancy     | 10 5 | 10.0
Stealth        | 8 |  8.0

Action                   |  1- 3 |  4- 6 |  7- 9 | 10-12 | 13-15 | 16-18 || total
-------------------------+-------+-------+-------+-------+-------+-------++-------
Melee: Unarmed           |    22 |    25 |    31 |    14 |    35 |    13 ||   140
       Bite              |     3 |     3 |     6 |     3 |    12 |     4 ||    31
       Punch             |       |       |       |       |     1 |       ||     1
 Cast: Summon Small Mamm |    51 |    50 |    51 |    37 |       |       ||   189
       Call Imp          |    11 |    18 |    26 |    30 |     9 |       ||    94
       Call Canine Famil |     2 |     9 |    51 |    80 |    91 |    20 ||   253
       Summon Guardian G |       |     1 |    44 |    83 |    61 |     3 ||   192
       Summon Lightning  |       |       |    21 |    84 |    98 |    34 ||   237
       Summon Forest     |       |       |       |    16 |    46 |    24 ||    86
       Summon Hydra      |       |       |       |       |   171 |   174 ||   345
       Haunt             |       |       |       |       |     2 |     1 ||     3
Invok: Call Merchant     |       |       |       |     1 |     1 |       ||     2
       Potion Petition   |       |       |       |       |     1 |       ||     1
Evoke: Wand              |       |       |     5 |    24 |    12 |     9 ||    50
       Phantom mirror    |       |       |       |     1 |     2 |     1 ||     4
       Tin of tremorston |       |       |       |       |     2 |     5 ||     7
  Use: Potion            |       |     3 |       |     3 |     4 |     8 ||    18
       Scroll            |       |       |    14 |    15 |     4 |     6 ||    39
 Stab: Sleeping          |     1 |       |       |       |     1 |       ||     2
       Distracted        |     1 |       |       |       |       |       ||     1
Armor: Skin              |     4 |     2 |    11 |    13 |    14 |     6 ||    50
Dodge: Dodged            |    27 |    20 |    48 |   145 |   263 |   231 ||   734
Block: Other             |       |     4 |    12 |    10 |     7 |    23 ||    56
       Reflection        |       |       |       |       |       |     3 ||     3
